 Dungeon Sprint DCSS version 0.23.0 (webtiles) character file.

Game seed: 3638827954920837356

728 Infinimo the Basher (level 7, 0/62 HPs)
             Began as a Demonspawn Berserker on Feb 17, 2019.
             Was a Priest of Trog.
             Slain by a quasit (1 damage)
             ... summoned by a kobold demonologist
             ... in the Dungeon (Sprint I: "Red Sonja").
             The game lasted 00:01:18 (403 turns).

Infinimo the Basher (Demonspawn Berserker)           Turns: 403, Time: 00:01:19

Health: 0/62       AC:  2    Str: 20    XL:     7   Next: 44%
Magic:  7/7        EV: 15    Int:  8    God:    Trog [***...]
Gold:   287        SH:  0    Dex: 12    Spells: 6/6 levels left

rFire    . . .     SeeInvis .   a - +0 mace
rCold    . . .     Gourm    .   (no shield)
rNeg     . . .     Faith    .   b - +0 animal skin
rPois    .         Spirit   .   (no helmet)
rElec    .         Reflect  .   (no cloak)
rCorr    .         Harm     .   (no gloves)
MR       .....     NoTele   +   (no boots)
Stlth    +.........             (no amulet)
HPRegen  0.20/turn              (no ring)
MPRegen  0.10/turn              (no ring)

@: berserk cooldown, slowed, very slow
A: hooves 2, powered by pain 1, rot immunity
a: Berserk, Trog's Hand, Renounce Religion


You were in the Dungeon.
You worshipped Trog.
Trog was most pleased with you.
You were very hungry.

You visited 1 branch You collected 287 gold pieces.

Inventory:

Hand Weapons
 a - a +0 mace (weapon)
Armour
 b - a +0 animal skin (worn)
Scrolls
 i - a scroll of blinking
Potions
 d - a potion of curing
 e - a potion of heal wounds
 f - a potion of haste
 g - 2 potions of magic
 h - a potion of berserk rage
Comestibles
 c - 2 rations


   Skills:
 + Level 8.1 Fighting
 * Level 9.7 Maces & Flails
 + Level 7.0 Armour
 + Level 7.0 Dodging


You had 6 spell levels left.
You didn't know any spells.
Your spell library was empty.

Dungeon Overview and Level Annotations

Branches:
Dungeon (1/1)

Altars:
Makhleb
Sif Muna
Vehumet
Wu Jian
Xom
Jiyva
Lugonu


Innate Abilities, Weirdness & Mutations

You have hoof-like feet.
You sometimes gain a little power by taking damage.
You are immune to rotting.


Message History

The hellwing is heavily wounded.
You thump the hellwing!
The hellwing is severely wounded.
The hellwing hits you.
* * * LOW HITPOINT WARNING * * *
The hellwing hits you.
* * * LOW HITPOINT WARNING * * *
You sock the hellwing!
You kill the hellwing!
You are no longer berserk.
You are exhausted.
You feel yourself slow down. The quasit bites you.
* * * LOW HITPOINT WARNING * * *
The quasit bites you.
* * * LOW HITPOINT WARNING * * *
The quasit claws you.
* * * LOW HITPOINT WARNING * * *
The quasit claws you.
You die...

#######################
#..)..#..'..#__#..G)3.#
[..#..').#..'..'@5#.5.#
#####'#####'#__####G5.+
# #..# #.#### #### #
#### ##.# # #+#_.+ #
+..._# # #_.#+# ##+#


You could see a neqoxec, a floating eye and a quasit.

Vanquished Creatures
  A kobold demonologist (D)
  A slime creature (D)
  Sigmund (D)
  An ogre (D)
  A jelly (D)
  Ijyb (D)
6 creatures vanquished.

Notes
Turn   | Place    | Note
-------+----------+-------------------------------------------
     0 | D        | Infinimo the Demonspawn Berserker began the quest for the
                  | Orb.
     0 | D        | Reached XP level 1. HP: 18/18 MP: 1/1
     1 | D        | Noticed Ijyb
     6 | D        | Killed Ijyb
     6 | D        | Reached skill level 3 in Maces & Flails
     6 | D        | Gained mutation: You sometimes gain a little power by
                  | taking damage. [demonic ancestry]
     6 | D        | Reached XP level 2. HP: 25/25 MP: 2/2
    38 | D        | Noticed an ogre
    44 | D        | Killed an ogre
    44 | D        | Reached skill level 5 in Fighting
    44 | D        | Reached skill level 5 in Maces & Flails
    44 | D        | Gained mutation: You are immune to rotting. [demonic
                  | ancestry]
    44 | D        | Reached XP level 3. HP: 33/33 MP: 3/3
    44 | D        | Gained mutation: You have large cloven feet. [demonic
                  | ancestry]
    44 | D        | Reached XP level 4. HP: 39/39 MP: 4/4
    87 | D        | Noticed Sigmund
    94 | D        | Killed Sigmund
    94 | D        | Reached ** piety under Trog
    94 | D        | Reached skill level 7 in Maces & Flails
    94 | D        | Reached skill level 5 in Armour
    94 | D        | Reached skill level 5 in Dodging
    94 | D        | Gained mutation: You have hoof-like feet. [demonic
                  | ancestry]
    94 | D        | Reached XP level 5. HP: 47/47 MP: 5/5
    94 | D        | Reached XP level 6. HP: 53/53 MP: 6/6
   145 | D        | Found a deep blue altar of Sif Muna.
   146 | D        | Found an ornate altar of the Wu Jian Council.
   147 | D        | Found a radiant altar of Vehumet.
   203 | D        | Found a viscous altar of Jiyva.
   203 | D        | Found a corrupted altar of Lugonu.
   203 | D        | Noticed a slime creature
   204 | D        | Found a burning altar of Makhleb.
   204 | D        | Found a shimmering altar of Xom.
   222 | D        | Killed a slime creature
   222 | D        | Reached skill level 8 in Maces & Flails
   383 | D        | Noticed a kobold demonologist
   384 | D        | Noticed a hellwing
   384 | D        | Noticed a floating eye
   384 | D        | Noticed a kobold demonologist
   388 | D        | Paralysed by a floating eye for 4 turns
   391 | D        | Noticed a neqoxec
   393 | D        | Killed a kobold demonologist
   393 | D        | Reached *** piety under Trog
   393 | D        | Reached skill level 9 in Maces & Flails
   393 | D        | Reached XP level 7. HP: 24/62 MP: 7/7
   403 | D        | HP: 3/62 [quasit[a kobold demonologist] (3)]
   403 | D        | HP: 1/62 [quasit[a kobold demonologist] (2)]
   403 | D        | Slain by a quasit

Skill      XL: |  1  2  3  4  5  6 |
---------------+-------------------+-----
Fighting       | 4 5 6 8 |  8.1
Maces & Flails | 3 5 7 9 |  9.7
Armour         | 3 4 5 7 |  7.0
Dodging        | 3 4 5 7 |  7.0

Action                   |  1- 3 |  4- 6 |  7- 9 || total
-------------------------+-------+-------+-------++-------
Melee: Mace              |     9 |    16 |     8 ||    33
       Kick              |       |     9 |     3 ||    12
Invok: Berserk           |     2 |     4 |       ||     6
  Eat: Chunk             |       |     3 |       ||     3
Armor: Animal skin       |       |     3 |     2 ||     5
Dodge: Dodged            |     4 |    13 |     9 ||    26
